 Dungeon Crawl Stone Soup version 0.25-a0-589-g1e14c549ee (webtiles) character file.

Game seed: 2018195960546415415, levelgen mode: deterministic

253 MisterFreud the Chiller (level 6, 0/49 HPs)
             Began as a Naga Ice Elementalist on Mar 9, 2020.
             Slain by Grinder (8 damage)
             ... on level 3 of the Dungeon.
             The game lasted 00:05:49 (2631 turns).

MisterFreud the Chiller (Naga Ice Elementalist)     Turns: 2631, Time: 00:05:49

Health: 0/49       AC:  3    Str: 10    XL:     6   Next: 14%
Magic:  0/11       EV: 10    Int: 17    God:
Gold:   94         SH:  0    Dex: 12    Spells: 5/12 levels left

rFire    . . .     SeeInvis +   p - +0 dagger (drain)
rCold    . . .     Gourm    .   (no shield)
rNeg     . . .     Faith    .   a - +0 robe
rPois    +         Spirit   .   (no helmet)
rElec    .         Reflect  .   (no cloak)
rCorr    .         Harm     .   (no gloves)
MR       .....                  (no barding)
Stlth    ++........             (no amulet)
HPRegen  0.16/turn              (no ring)
MPRegen  0.12/turn              (no ring)

@: frozen ramparts, very slow
A: large, see invisible, deformed body, poison resistance, slowness 2, slow
metabolism 1, spit poison 1, AC +2
a: Spit Poison


You were on level 3 of the Dungeon.
You were not hungry.

You visited 1 branch of the dungeon, and saw 3 of its levels.

You collected 94 gold pieces.

Inventory:

Hand Weapons
 j - a +0 dagger
 p - a +0 dagger of draining (weapon)
Missiles
 d - 18 sling bullets
 e - 42 stones (quivered)
 f - a throwing net
 t - 12 arrows
 u - 17 bolts
Armour
 a - a +0 robe (worn)
 r - a +2 leather armour of positive energy
Wands
 n - a wand of disintegration (16)
 v - a wand of random effects (25)
Scrolls
 b - 2 scrolls of fear {unknown}
 g - 2 scrolls of enchant armour {unknown}
 h - a scroll of amnesia {unknown}
 i - 3 scrolls of identify {unknown}
 k - a scroll of blinking {unknown}
 l - 2 scrolls of magic mapping {unknown}
 m - a scroll of random uselessness {unknown}
 o - a scroll of enchant weapon {unknown}
 s - 2 scrolls of remove curse {unknown}
Potions
 q - a potion of curing
Comestibles
 c - 4 rations
 w - 11 chunks of flesh


   Skills:
 - Level 1.5 Dodging
 - Level 3.0 Stealth
 + Level 3.9 Spellcasting
 - Level 6.1 Ice Magic


You had 5 spell levels left.
You knew the following spells:

 Your Spells              Type           Power        Failure   Level  Hunger
a - Freeze                Ice            ###.         1%          1    None
b - Frozen Ramparts       Ice            ###...       3%          3    ###....
c - Ozocubu's Armour      Chrm/Ice       ##......     14%         3    ###....

Your spell library contained the following spells:

 Spells                   Type           Power        Failure   Level  Hunger
 Animate Skeleton         Necr           N/A          16%         1    None
 Pain                     Necr           #...         16%         1    None
 Hailstorm                Conj/Ice       ##......     41%         4    ####...
 Summon Ice Beast         Ice/Summ       ##......     41%         4    ####...
 Vampiric Draining        Necr           #.........   43%         3    ###....
 Animate Dead             Necr           N/A          85%         4    ####...
 Agony                    Necr           #.......     99%         5    ######.


Dungeon Overview and Level Annotations

Branches:
Dungeon (3/15)

Altars:
Dithmenos
Hepliaklqana
Okawaru
Sif Muna
Xom

Annotations:
D:3 Grinder


Innate Abilities, Weirdness & Mutations

You cannot wear boots.
Your serpentine skin is tough. (AC +2)
You have supernaturally acute eyesight. (SInv)
Armour fits poorly on your strangely shaped body.
Your system is resistant to poisons. (rPois)
You cover ground very slowly.
You have a slow metabolism.
You can spit poison.


Message History

Aim: Grinder (severely wounded, encased in ice) Grinder completely resists.
You freeze Grinder but do no damage.
Grinder is no longer encased in ice.
The walls release a blast of icicles at Grinder!
Grinder is encased in ice.
Grinder hits you.
* * * LOW HITPOINT WARNING * * *
You writhe in agony.
* * * LOW HITPOINT WARNING * * *
Unknown command.
Unknown command.
Unknown command.
Casting: Freeze (safe; 1% risk of failure)
Confirm with . or Enter, or press ? or * to list all spells.
Aiming: Freeze (safe; 1% risk of failure)
Press: ? - help, Shift-Dir - straight line, f/p - Grinder
Aim: Grinder (almost dead, encased in ice) Grinder completely resists.
You freeze Grinder but do no damage.
The walls release a blast of icicles at Grinder!
Grinder partially resists.
Grinder hits you!
You die...

#.# ... #.# ...
#.# #.. #.# ###
#.# #)# #.# ## #5#
#############.
#@###.............
#.##...##########.
#.#.###.## #....
#..## ##.#####.##.
#..# #.....#.##.
#..# #.###.#.##.
#... #.####.#.###
##.............#
...#.######...#


You could see Grinder.

Vanquished Creatures
  2 orc priests (D:3)
  Jessica (D:2)
  Ijyb (D:3)
  Natasha (twice) (D:2)
  4 adders
  3 orcs (D:3)
  6 giant cockroaches
  6 goblins
  6 hobgoblins
  7 jackals
  A quokka (D:2)
  5 bats
  2 frilled lizards
  6 kobolds
  7 rats
59 creatures vanquished.

Notes
Turn   | Place    | Note
-------+----------+-------------------------------------------
     0 | D:1      | MisterFreud the Naga Ice Elementalist began the quest for
                  | the Orb.
     0 | D:1      | Reached XP level 1. HP: 15/15 MP: 3/3
   491 | D:1      | Reached XP level 2. HP: 22/22 MP: 1/5
  1164 | D:2      | Found an iron altar of Okawaru.
  1268 | D:2      | Reached XP level 3. HP: 28/28 MP: 6/6
  1280 | D:2      | Noticed Jessica
  1283 | D:2      | Killed Jessica
  1304 | D:2      | Reached skill level 5 in Ice Magic
  1339 | D:2      | Reached XP level 4. HP: 36/36 MP: 5/8
  1431 | D:2      | Learned a level 3 spell: Frozen Ramparts
  1435 | D:2      | Learned a level 3 spell: Ozocubu's Armour
  1698 | D:2      | Found a hazy altar of Hepliaklqana.
  1699 | D:2      | Found a shimmering altar of Xom.
  1699 | D:2      | Noticed a torpor snail
  1700 | D:2      | Noticed a spectral ugly thing
  1700 | D:2      | Noticed a torpor snail
  1735 | D:2      | Found a shimmering blue altar of Sif Muna.
  1812 | D:2      | Found a shadowy altar of Dithmenos.
  1970 | D:2      | Noticed Natasha
  1980 | D:2      | Killed Natasha
  2103 | D:2      | Noticed Natasha
  2107 | D:2      | Killed Natasha
  2107 | D:2      | Reached XP level 5. HP: 42/42 MP: 5/9
  2416 | D:3      | Reached skill level 6 in Ice Magic
  2497 | D:3      | Noticed Ijyb
  2506 | D:3      | Killed Ijyb
  2506 | D:3      | Reached XP level 6. HP: 41/49 MP: 2/11
  2612 | D:3      | Noticed Grinder
  2620 | D:3      | Paralysed by Grinder for 5 turns
  2631 | D:3      | Slain by Grinder

Levels and vault maps discovered:
D:1:      scummos_arrival_gate, layout_basic, minivault_25, grunt_decor_cap
D:2:      layout_loops_cross, regret_index_temple_of_mockery,
          overflow_temple_1_default, lemuel_coloured_pillars_altar,
          palyth_stone_intersect, nicolae_dithmenos_shadow_blocks, uniq_jessica,
          uniq_natasha
D:3:      layout_loops_ring, uniq_grinder, uniq_ijyb

Skill      XL: |  1  2  3  4  5 |
---------------+----------------+-----
Ice Magic      | 5 6 |  6.1
Spellcasting   | 3 |  3.9
Dodging        | |  1.5
Stealth        | |  3.0

Action                   |  1- 3 |  4- 6 || total
-------------------------+-------+-------++-------
Melee: Club              |     1 |       ||     1
       Dagger            |     6 |     6 ||    12
 Cast: Freeze            |    16 |    34 ||    50
       Frozen Ramparts   |       |     6 ||     6
 Abil: Spit Poison       |    21 |    24 ||    45
Evoke: Wand              |     1 |       ||     1
  Use: Potion            |       |     1 ||     1
  Eat: Chunk             |     2 |     5 ||     7
Armor: Robe              |     3 |     3 ||     6
Dodge: Dodged            |    19 |    10 ||    29

Table legend:
 A = Non-vault XP
 B = Vault XP
 C = Vault XP percentage of total XP
 D = Non-vault monster count
 E = Vault monster count
 F = Vault count percentage of total count
                 A         B        C        D         E       F
            +---------+---------+-------+---------+---------+-------
      Total |     254 |     108 |  29.8 |      56 |       3 |   5.1
            +---------+---------+-------+---------+---------+-------
        D:1 |      22 |       0 |   0.0 |      13 |       0 |   0.0
        D:2 |      95 |      72 |  43.1 |      23 |       2 |   8.0
        D:3 |     137 |      36 |  20.8 |      20 |       1 |   4.8
            +---------+---------+-------+---------+---------+-------
